 Dungeon Crawl Stone Soup version 0.27.0-1-g7a08968 (webtiles) character file.

Game seed: 17810464018488102163

150 BunyipCatcher the Skirmisher (level 5, 0/45 (47) HPs)
             Began as a Hill Orc Abyssal Knight on Aug 15, 2021.
             Was a Believer of Lugonu.
             Slain by an orc (3 damage)
             ... on level 3 of the Dungeon.
             The game lasted 00:15:36 (3766 turns).

BunyipCatcher the Skirmisher (HOAK)                 Turns: 3766, Time: 00:15:37

HP:   0/45 (47)     AC:  4    Str: 15    XL:     5   Next: 32%
MP:   1/7           EV: 11    Int: 12    God:    Lugonu [**....]
Gold: 45            SH:  0    Dex: 11    Spells: 3/4 levels left

rFire    . . .     SeeInvis .   h - +0 short sword (venom)
rCold    . . .     Faith    .   (no shield)
rNeg     . . .     Spirit   .   b - +1 leather armour
rPois    .         Reflect  .   (no helmet)
rElec    .         Harm     .   (no cloak)
rCorr    +         Rampage  .   (no gloves)
Will     .....                  (no boots)
Stlth    +.........             (no amulet)
HPRegen  0.15/turn              e - ring of resist corrosion
MPRegen  0.10/turn              (no ring)

@: very slightly contaminated, lightly drained
A: no striking features
a: Renounce Religion, Depart the Abyss, Bend Space


You were on level 3 of the Dungeon.
You worshipped Lugonu.
Lugonu was pleased with you.
You visited 1 branch of the dungeon, and saw 4 of its levels.
You visited the Abyss 1 time.

You collected 45 gold pieces.

Inventory:

Hand Weapons
 a - a +1 hand axe
 h - a +0 short sword of venom (weapon)
Armour
 b - a +1 leather armour (worn)
Jewellery
 e - a ring of resist corrosion (left hand)
Scrolls
 f - a scroll of teleportation
Potions
 c - a potion of magic
 d - a potion of curing {unknown}
 g - a potion of might {unknown}
 i - 2 potions of haste


   Skills:
 + Level 4.3 Fighting
 + Level 0.9 Short Blades
 + Level 4.0 Axes
 + Level 3.2 Armour
 + Level 1.5 Dodging
 + Level 0.2 Stealth
 + Level 0.4 Spellcasting
 + Level 0.4 Conjurations
 + Level 1.1 Fire Magic
 + Level 2.8 Invocations


You had 3 spell levels left.
You knew the following spells:

 Your Spells              Type           Power      Damage    Failure   Level
a - Foxfire               Conj/Fire      8%         2x1d4     28%         1

Your spell library contained the following spells:

 Spells                   Type           Power      Damage    Failure   Level
 Conjure Flame            Conj/Fire      2%         6-21      65%         3
 Inner Flame              Hex/Fire       1%         N/A       67%         3
 Olgreb's Toxic Radiance  Pois           0%         N/A       98%         4
 Ozocubu's Refrigeration  Ice            0%         4d5       100%        7
 Ignition                 Fire           1%         3d3       100%        8


Dungeon Overview and Level Annotations

Branches:
Dungeon (4/15)
 Temple: D:4-7

Altars:
Hepliaklqana
Qazlal
Sif Muna
Wu Jian
Zin


Message History

The necrophage hits you.
An orc comes into view. It is wielding a +0 club.
The white imp hits you. The white imp freezes you.
Casting: Foxfire (safe; 28% risk of failure)
Confirm with . or Enter, or press ? or * to list all spells.
You miscast Foxfire.
Nothing appears to happen.
The necrophage hits you.
The white imp hits you but does no damage.
Casting: Foxfire (safe; 28% risk of failure)
Confirm with . or Enter, or press ? or * to list all spells.
You miscast Foxfire.
Nothing appears to happen.
The necrophage barely misses you. The white imp hits you.
The white imp freezes you.
* * * LOW HITPOINT WARNING * * *
Casting: Foxfire (safe; 28% risk of failure)
Confirm with . or Enter, or press ? or * to list all spells.
You don't know that spell.
Unknown command.
Casting: Foxfire (safe; 28% risk of failure)
Confirm with . or Enter, or press ? or * to list all spells.
You conjure some foxfire!
The necrophage barely misses you.
A hound skeleton comes into view.
The white imp completely misses you.
Your foxfire dissipates!
The foxfire hits the orc.
The orc is moderately wounded.
The orc closely misses you.
There is a stone staircase leading up here.
The necrophage hits you.
* * * LOW HITPOINT WARNING * * *
You feel drained.
* * * LOW HITPOINT WARNING * * *
The orc misses you.
You climb upwards.
There is a stone staircase leading down here.
Casting: Foxfire (safe; 28% risk of failure)
Confirm with . or Enter, or press ? or * to list all spells.
You miscast Foxfire.
Nothing appears to happen.
The necrophage hits you.
* * * LOW HITPOINT WARNING * * *
The orc hits you with a +0 club.
You die...

##.#...#######.#
.....#.........#
##.#...########## ##....##
#.. ####..# #.#
......########.###
####.###.........#
#...##.##.##.#.#
#...##.##.##.#@#####
#...##.##....n.o...#######
###...##.##.......##.#.....#
.......§..#.##..#.##.#.....#
...........†...............#
..........###....###.#.....#
###...##### #........#.....#
#...# #........#.#####
###<..### ####.##.##.#.#


You could see a necrophage and an orc.

Vanquished Creatures
  A centaur skeleton (D:2)
  5 adders
  A worm (D:3)
  A dart slug (D:2)
  An orc (D:3)
  5 ball pythons
  7 bats
  7 endoplasms
  6 giant cockroaches
  4 hobgoblins
  10 jackals
  A quokka (D:2)
  3 frilled lizards
  A goblin (D:1)
  8 kobolds
  5 rats
66 creatures vanquished.

Vanquished Creatures (collateral kills)
  A kobold (D:2)
  A goblin (D:2)
2 creatures vanquished.

Vanquished Creatures (others)
  42 foxfires
42 creatures vanquished.

Grand Total: 110 creatures vanquished

Notes
Turn   | Place    | Note
-------+----------+-------------------------------------------
     0 | Abyss:1  | BunyipCatcher the Hill Orc Abyssal Knight began the quest
                  | for the Orb.
     0 | Abyss:1  | Reached XP level 1. HP: 19/19 MP: 2/2
    62 | Abyss:1  | Found a corrupted altar of Lugonu.
    73 | Abyss:1  | Found a corrupted altar of Lugonu.
    75 | D:1      | Escaped the Abyss
   359 | D:1      | Reached skill level 1 in Dodging
   502 | D:1      | Reached * piety under Lugonu
   525 | D:1      | Reached XP level 2. HP: 27/27 MP: 4/4
   591 | D:1      | Found a faded altar of an unknown god.
   853 | D:1      | Reached XP level 3. HP: 23/33 MP: 5/5
  1478 | D:2      | Found an ornate altar of the Wu Jian Council.
  1721 | D:2      | Learned a level 1 spell: Foxfire
  2156 | D:2      | Reached XP level 4. HP: 40/40 MP: 6/6
  2505 | D:2      | Reached ** piety under Lugonu
  2880 | D:3      | Reached XP level 5. HP: 40/47 MP: 1/7
  3189 | D:3      | Found a glowing silver altar of Zin.
  3193 | D:3      | Found a shimmering blue altar of Sif Muna.
  3193 | D:3      | Found a hazy altar of Hepliaklqana.
  3194 | D:3      | Found a stormy altar of Qazlal.
  3222 | D:3      | Reached skill level 1 in Fire Magic
  3517 | D:3      | Found an ornate altar of the Wu Jian Council.
  3751 | D:4      | Noticed a necrophage
  3766 | D:3      | Slain by an orc

Illustrated notes

Levels and vault maps discovered:
D:1:      nicolae_arrival_somewhat_less_tricky_arrival, layout_loops_ring,
          dreamdust_ecumenical_altar_angels_and_demons,
          chequers_decorated_corner
D:2:      layout_basic, basic_altar
D:3:      layout_loops_cross, chequers_temple_overflow_statue_of_worship,
          nicolae_wu_jian_immortal_techniques
D:4:      layout_rooms, trog_butcher_becter, st_stairs_12, uniq_edmund

Skill      XL: |  1  2  3  4  5 |
---------------+----------------+-----
Dodging        | 1 |  1.5
Axes           | 3 4 |  4.0
Fighting       | 4 |  4.3
Armour         | 3 |  3.2
Fire Magic     | 1 |  1.1
Short Blades   | |  0.9
Stealth        | |  0.2
Spellcasting   | |  0.4
Conjurations   | |  0.4
Invocations    | |  2.8

Action                   |  1- 3 |  4- 6 || total
-------------------------+-------+-------++-------
Melee: Hand axe          |   115 |       ||   115
       Short sword       |     2 |    67 ||    69
 Cast: Foxfire           |     4 |    24 ||    28
Invok: Depart the Abyss  |     1 |       ||     1
  Use: Scroll            |     4 |     3 ||     7
Armor: Leather armour    |    73 |    34 ||   107
Dodge: Dodged            |   114 |    58 ||   172
